cohdb
Replays
Latest Replays
All Replays
Popular Replays
Top Player Replays
Match Explorer
How It Works
Community
CoH3 Stats
Reddit
Sign in to upload your games and track your stats! →
Sign in with Steam
Match 42135658
Unlisted
Match 42135658
Overview
Messages
Build Orders
End
Construct Barracks
Selects Heavy Weapons
Riflemen Squad
Riflemen Squad
M1 Mortar Team
Air Support Center
Riflemen Squad
Construct Medical Station
Selects Assault Carriers
Construct Weapon Support Center
Grasshopper Recon Run
M3 Assault Carrier
Selects Exchangeable Parts
Grasshopper Recon Run
P-47 Strafing Run
P-47 Dive Bomb
M3 Assault Carrier
Engineer Squad
Air Supremacy
Double Sortie
Grasshopper Recon Run
Grenade Package
Grasshopper Recon Run
P-47 Dive Bomb
Improved Aircraft Armor
M3 Assault Carrier
M1918 Browning Automatic Rifles
Grasshopper Recon Run
Advanced Air Reconnaissance
Grasshopper High-Altitude Recon Run
Forward Retreat Point
P-47 Strafing Run
Grasshopper High-Altitude Recon Run
M3 Assault Carrier
P-47 Strafing Run
P-47 Strafing Run
Grasshopper High-Altitude Recon Run
P-47 Strafing Run
P-47 Dive Bomb
Grasshopper High-Altitude Recon Run
P-47 Strafing Run
Selects M26 Pershing Heavy Tank
M26 Pershing Heavy Tank
Grasshopper High-Altitude Recon Run
P-47 Strafing Run
Grasshopper High-Altitude Recon Run
P-47 Dive Bomb
homig
kerem
ShadowStorm
Siskin
凉梦丶
嗷呜嗷
0
0
Comments
sign in to comment!
No comments posted yet!